 Dungeon Crawl Stone Soup version 0.21.0-3-g78d12a8 (webtiles) character file.

387 tidbits the Sneak (level 6, 29/32 HPs)
             Began as a Vine Stalker Wizard on Jan 10, 2018.
             Quit the game on level 3 of the Dungeon.
             The game lasted 00:17:26 (1734 turns).

tidbits the Sneak (Vine Stalker Wizard)             Turns: 1734, Time: 00:17:27

Health: 29/32      AC: 10    Str: 12    XL:     6   Next: 78%
Magic:  7/11       EV: 10    Int: 18    God:
Gold:   124        SH:  0    Dex: 12    Spells: 7/11 levels left

rFire    + . .     SeeInvis .   a - +0 dagger (freeze)
rCold    . . .     Gourm    .   (no shield)
rNeg     . . .     Faith    .   B - +2 ring mail {rF+}
rPois    .         Spirit   +   E - +0 helmet
rElec    .         Reflect  .   (no cloak)
rCorr    .         Harm     .   G - +0 pair of gloves
MR       .....                  F - +0 pair of boots
Stlth    ++........             (no amulet)
HPRegen  0.50/turn              (no ring)
MPRegen  0.12/turn              (no ring)

@: no status effects
A: fangs 2, regeneration 1, magic shield, antimagic bite, no potion heal 3, rot
immunity
a: no special abilities


You were on level 3 of the Dungeon.
You were not hungry.

You visited 2 branches of the dungeon, and saw 7 of its levels.

You collected 124 gold pieces.

Inventory:

Hand Weapons
 a - a +0 dagger of freezing (weapon)
   (You took it off a kobold on level 1 of the Dungeon)
 f - a +2 hand axe of distortion
   (You found it on level 6 of the Dungeon)
 t - a +0 whip of holy wrath
   (You took it off an orc on level 4 of the Dungeon)
Missiles
 j - 7 curare-tipped needles
 s - 5 tomahawks (quivered)
Armour
 i - a +0 ring mail
 n - a +0 robe
 q - a +0 hat
 B - a +2 ring mail of fire resistance (worn)
   (You found it on level 3 of the Dungeon)
 E - a +0 helmet (worn)
 F - a +0 pair of boots (worn)
 G - a +0 pair of gloves (worn)
Wands
 p - a wand of paralysis (6)
Scrolls
 b - a scroll of identify {unknown}
 e - 2 scrolls of teleportation
 g - a scroll of noise
 k - a scroll of enchant weapon {unknown}
 r - a scroll of remove curse {unknown}
 v - a scroll of fog {unknown}
Potions
 l - 2 potions of curing
 m - a potion of agility {unknown}
 o - 2 potions of brilliance
Books
 c - a book of Minor Magic

   Spells                             Type                      Level
   a - Magic Dart                     Conjuration                  1
   b - Blink                          Translocation                2
   c - Call Imp                       Summoning                    2
   d - Slow                           Hexes                        2
   e - Conjure Flame                  Conjuration/Fire             3
   f - Mephitic Cloud                 Conjuration/Poison/Air       3
 h - a book of Misfortune
   (You found it on level 2 of the Dungeon)

   Spells                             Type                      Level
   a - Confusing Touch                Hexes                        1
   b - Confuse                        Hexes                        3
   c - Gell's Gravitas                Translocation                3
   d - Petrify                        Transmutation/Earth          4
   e - Metabolic Englaciation         Hexes/Ice                    5
   f - Yara's Violent Unravelling     Hexes/Transmutation          5
Comestibles
 d - 3 rations
 u - 3 chunks of flesh


   Skills:
 - Level 3.6 Fighting
 - Level 1.5 Dodging
 - Level 6.0 Stealth
 - Level 0.1 Unarmed Combat
 - Level 3.2 Spellcasting
 - Level 1.0 Conjurations
 - Level 1.0 Summonings
   Level 1.0 Translocations
 + Level 2.3 Evocations


You had 7 spell levels left.
You knew the following spells:

 Your Spells              Type           Power        Failure   Level  Hunger
a - Magic Dart            Conj           #...         24%         1    None
i - Call Imp              Summ           #.......     34%         2    ##.....
t - Confusing Touch       Hex            #.....       36%         1    None


Dungeon Overview and Level Annotations

Branches:
Dungeon (6/15)             Temple (1/1) D:5

Altars:
Ashenzari
Elyvilon
Fedhas
Gozag
Hepliaklqana
Kikubaaqudgha
Makhleb
Nemelex Xobeh
Okawaru
Ru
Sif Muna
Trog
Vehumet
Wu Jian
Xom
Zin
The Shining One

Annotations:
D:3 Aviak's ghost, amateur OgHu


Innate Abilities, Weirdness & Mutations

You have extremely sharp teeth.
Your natural rate of healing is unusually fast.
When hurt, damage is shared between your health and your magic reserves.
Your bite disrupts and absorbs the magic of your enemies.
Potions cannot restore your health.
You are immune to rotting.


Message History

The orc hits you but does no damage. The adder bites you but does no damage.
A frilled lizard comes into view.
The frilled lizard hisses angrily.
Your magical contamination has completely faded away.
The adder bites you but does no damage.
The kobold wields a blowgun.
The kobold shoots a poisoned needle.
The poisoned needle hits you!
You are poisoned.
You see here a poisoned needle.
You feel sick.
The kobold shoots a poisoned needle.
The poisoned needle hits you!
You are more poisoned.
The adder bites you but does no damage.
You see here a poisoned needle.
You feel sick.
You feel sick.
You feel sick. The adder bites you.
Okay, then.
You feel sick.
You feel sick.
A kobold comes into view. It is wielding a short sword.
You feel sick. The adder bites you.
You are more poisoned.
The adder poisons you!
You feel sick.
You feel sick.
You feel sick. The adder closely misses you.
You feel sick.
The kobold shoots a poisoned needle.
The poisoned needle misses you.
You feel sick.
Casting: Magic Dart
Confirm with . or Enter, or press ? or * to list all spells.
Aiming: Magic Dart
Press: ? - help, Shift-Dir - straight line, f - adder
Aim: an adder The magic dart hits the adder.
The adder is moderately wounded.
You feel sick.
The kobold shouts!
The adder closely misses you. The adder barely misses you.
Casting: Magic Dart
Confirm with . or Enter, or press ? or * to list all spells.
Aiming: Magic Dart
Press: ? - help, Shift-Dir - straight line, f/p - adder
Aim: an adder (moderately wounded)
You miscast Magic Dart.
You are very lightly contaminated with residual magic.
You feel a strange surge of energy! The adder bites you.
Casting: Magic Dart
Confirm with . or Enter, or press ? or * to list all spells.
Aiming: Magic Dart
Press: ? - help, Shift-Dir - straight line, f/p - adder
Aim: an adder (moderately wounded)
The magic dart hits the adder.
The adder is heavily wounded.
You feel sick. The adder bites you. The kobold closely misses you.
Casting: Magic Dart
Confirm with . or Enter, or press ? or * to list all spells.
Aiming: Magic Dart
Press: ? - help, Shift-Dir - straight line, f/p - adder
Aim: an adder (heavily wounded)
You miscast Magic Dart.
Your skin glows momentarily.
You feel sick. The adder bites you but does no damage.
The kobold hits you but does no damage.
You barely miss the adder.
The adder is heavily wounded.
The adder misses you.
The quokka bites you but does no damage.
The kobold hits you but does no damage. The adder bites you but does no damage.
You feel sick.
The quokka bites you but does no damage.
You feel sick.
You feel sick.
The quokka bites you but does no damage.
The quokka bites you but does no damage.
You feel sick. The adder bites you but does no damage.
You feel sick.
Found a scroll of immolation.
The adder barely misses you.
You feel sick. The dart slug closely misses you. The quokka barely misses you.
You feel sick.
You see here a cyan potion.
You feel sick.
You are no longer poisoned.
The quokka closely misses you. The adder barely misses you.
The quokka bites you but does no damage.
The adder closely misses you.
Found an escape hatch in the floor.
The adder bites you.
Found a scroll of teleportation.
The adder bites you but does no damage. The adder bites you but does no damage.
Your magical contamination has completely faded away.
The adder barely misses you.
Unknown command.
Are you sure you want to abandon this character and quit the game? (Confirm with "yes".)

......#...?.l#.#..###.
......#.....K..>......
s............##...##..
............l##....# . #
........K#...#.#
............##.# ###
........##.r...#
..###..........S...#
........##......@..#
.###.....###.......#
.....<...# #.......#
..#......# #.......#
.....)..## #.......#
#.#..>..####.......#
...........s........
#.##.............###.......
.................# .......


You could see an adder, a quokka, a giant cockroach (wandering), a kobold and a
frilled lizard.

Vanquished Creatures
  A phantom (D:4)
  A bullfrog (D:6)
  A scorpion (D:4)
  2 orc wizards (D:4)
  A worker ant (D:4)
  2 adders
  2 worms
  3 dart slugs (D:1)
  3 leopard geckos
  8 orcs
  3 giant cockroaches (D:4)
  4 goblins
  6 hobgoblins
  3 ball pythons
  5 bats (D:2)
  5 frilled lizards
  3 kobolds (D:1)
  4 rats
57 creatures vanquished.

Vanquished Creatures (collateral kills)
  A worker ant (D:4)
  2 orcs (D:4)
3 creatures vanquished.

Grand Total: 60 creatures vanquished

Notes
Turn   | Place    | Note
-------+----------+-------------------------------------------
     0 | D:1      | tidbits the Vine Stalker Wizard began the quest for the Orb.
     0 | D:1      | Reached XP level 1. HP: 9/9 MP: 5/5
    16 | D:2      | Found a sparkling altar of Nemelex Xobeh.
    79 | D:2      | Learned a level 1 spell: Confusing Touch
   171 | D:2      | Reached XP level 2. HP: 11/14 MP: 5/7
   202 | D:2      | Reached skill level 1 in Fighting
   202 | D:2      | Reached skill level 3 in Stealth
   501 | D:1      | Reached XP level 3. HP: 18/18 MP: 5/8
   683 | D:3      | Noticed Aviak's ghost (amateur OgHu)
   740 | D:4      | Reached skill level 2 in Fighting
   740 | D:4      | Reached skill level 4 in Stealth
   740 | D:4      | Gained mutation: Your natural rate of healing is unusually fast. [Vine Stalker growth]
   740 | D:4      | Reached XP level 4. HP: 13/23 MP: 0/9
   744 | D:4      | Learned a level 2 spell: Call Imp
   912 | D:5      | Entered Level 5 of the Dungeon
   920 | D:5      | Found a staircase to the Ecumenical Temple.
   926 | Temple   | Entered the Ecumenical Temple
  1084 | D:6      | Reached XP level 5. HP: 27/27 MP: 10/10
  1103 | D:6      | Reached skill level 3 in Fighting
  1103 | D:6      | Reached skill level 5 in Stealth
  1107 | D:6      | Found an ornate altar of the Wu Jian Council.
  1142 | D:5      | Noticed an ogre
  1142 | D:5      | Noticed an ogre
  1365 | D:5      | Noticed an ogre
  1458 | D:4      | Noticed a phantom
  1472 | D:4      | Reached skill level 6 in Stealth
  1472 | D:4      | Reached XP level 6. HP: 32/32 MP: 9/11
  1493 | D:4      | Killed a phantom
  1493 | D:4      | Reached skill level 2 in Evocations
  1734 | D:3      | Quit the game

Skill      XL: |  1  2  3  4  5  6 |
---------------+-------------------+-----
Fighting       | 1 2 3 |  3.6
Stealth        | 3 4 6 |  6.0
Evocations     | 2 |  2.3
Dodging        | |  1.5
Unarmed Combat | |  0.1
Spellcasting   | |  3.2
Conjurations   | |  1.0
Summonings     | |  1.0
Translocations | |  1.0

Action                   |  1- 3 |  4- 6 || total
-------------------------+-------+-------++-------
Melee: Unarmed           |    66 |       ||    66
       Bite              |    28 |     6 ||    34
       Dagger            |    48 |    62 ||   110
 Cast: Magic Dart        |    37 |    33 ||    70
       Confusing Touch   |     2 |       ||     2
       Call Imp          |       |     3 ||     3
Evoke: Wand              |       |     7 ||     7
  Use: Scroll            |     3 |     4 ||     7
       Potion            |     2 |     3 ||     5
 Stab: Confused          |     2 |       ||     2
       Sleeping          |     1 |     3 ||     4
       Paralysed         |       |     3 ||     3
  Eat: Chunk             |       |     3 ||     3
Armor: Ring mail         |    51 |    56 ||   107
Dodge: Dodged            |    57 |    60 ||   117

Table legend:
 A = Turns spent in this place as a percentage of turns spent in the entire game.
 B = Non-inter-level travel turns spent in this place as a percentage of non-inter-level travel turns spent in the entire game.
 C = Inter-level travel turns spent in this place as a percentage of turns spent in this place.
 D = Turns resting spent in this place as a percentage of non-inter-level travel turns spent in this place.
 E = Turns spent auto-exploring this place as a percentage of non-inter-level travel turns spent in this place.
 F = Non-inter-level travel turns spent in this place divided by the number of levels of this place that you've seen.
                   A       B       C       D       E      F
               +-------+-------+-------+-------+-------+----------------------
         Total | 100.0 | 100.0 |   5.0 |   0.0 |   0.0 | 235.4
       Dungeon |  93.9 |  94.4 |   4.4 |   0.0 |   0.0 | 259.3
        Temple |   6.1 |   5.6 |  13.2 |   0.0 |   0.0 |  92.0
               +-------+-------+-------+-------+-------+----------------------

Table legend:
 A = Kills in this place as a percentage of kills in entire the game.
 B = Kills by you in this place as a percentage of kills by you in the entire game.
 C = Kills by friends in this place as a percentage of kills by friends in the entire game.
 D = Other kills in this place as a percentage of other kills in the entire game.
 E = Experience gained in this place as a percentage of experience gained in the entire game.
 F = Experience gained in this place divided by the number of levels of this place that you have seen.
                   A       B       C       D       E      F
               +-------+-------+-------+-------+-------+----------------------
         Total | 100.0 | 100.0 | 100.0 |   N/A | 100.0 |  79.1
       Dungeon | 100.0 | 100.0 | 100.0 |   N/A | 100.0 |  92.3
               +-------+-------+-------+-------+-------+----------------------

Vault maps used:
D:1:      dpeg_arrival_pits, roderic_st_hans_cross
D:2:      lemuel_doored_altar, uniq_crazy_yiuf_cottage
D:3:      first_ration, minmay_goblin_outpost
D:5:      minmay_temple_entry_statues, serial_aquarium,
          aquarium_bridge_long_separate, aquarium_window_corridor_2,
          aquarium_window_2, aquarium_window_2, aquarium_window_1,
          aquarium_view_2e, aquarium_view_2d, aquarium_balcony_1a,
          aquarium_pool_1
D:6:      minmay_cornered_nines, kennysheep_mini
Temple:   eino_temple_scatter_basement
